 Dungeon Crawl Stone Soup version 0.28-a0-834-g1a73be5ee4 (webtiles) character file.

Game seed: 17157132010468080132

53 avis the Insei (level 3, -3/24 HPs)
             Began as an Octopode Transmuter on Nov 12, 2021.
             Killed from afar by Sigmund (9 damage)
             ... with a puff of flame
             ... on level 2 of the Dungeon.
             The game lasted 00:12:43 (1763 turns).

avis the Insei (Octopode Transmuter)                Turns: 1763, Time: 00:12:44

Health: -3/24      AC:  1    Str: 10    XL:     3   Next: 89%
Magic:  6/6        EV: 13    Int: 15    God:
Gold:   93         SH:  0    Dex: 12    Spells: 2/6 levels left

rFire   . . .      SeeInvis .   a - +1 dagger (protect)
rCold   . . .      Faith    .   (no shield)
rNeg    . . .      Spirit   .   (helmet restricted)
rPois   .          Reflect  .   (no amulet)
rElec   .          Harm     .   (no ring)
rCorr   .          Rampage  .   (no ring)
Will    .....                   (no ring)
Stlth   +++.......              (no ring)
HPRegen 0.08/turn               (no ring)
MPRegen 0.10/turn               (no ring)
                                (no ring)
                                (no ring)

@: flying
A: almost no armour, amphibious, 8 rings, camouflage 1, gelatinous body 1,
(nimble swimmer 1), tentacles, screaming 1
a: no special abilities


You were on level 2 of the Dungeon.
You visited 1 branch of the dungeon, and saw 2 of its levels.

You collected 93 gold pieces.

Inventory:

Hand Weapons
 a - a +1 dagger of protection (weapon)
Missiles
 b - 54 stones
 c - 3 datura-tipped darts (quivered)
 j - 14 bolts
Scrolls
 d - 2 scrolls of identify {unknown}
 f - a scroll of enchant weapon {unknown}
 h - a scroll of magic mapping {unknown}
 i - a scroll of noise {unknown}
Potions
 e - a potion of flight


   Skills:
 - Level 2.0 Fighting
 - Level 2.0 Dodging
 - Level 1.0 Stealth
 - Level 4.0 Unarmed Combat
 - Level 2.0 Spellcasting
 - Level 2.0 Transmutations
 * Level 1.2 Poison Magic


You had 2 spell levels left.
You knew the following spells:

 Your Spells              Type           Power      Damage    Failure   Level
a - Beastly Appendage     Tmut           14%        N/A       10%         1
p - Spider Form           Tmut/Pois      6%         N/A       34%         3

Your spell library contained the following spells:

 Spells                   Type           Power      Damage    Failure   Level
 Wereblood                Tmut           7%         N/A       14%         2
 Ice Form                 Ice/Tmut       4%         N/A       82%         4


Dungeon Overview and Level Annotations

Branches:
Dungeon (2/15)

Altars:

Annotations:
D:2 Sigmund


Innate Abilities, Weirdness & Mutations

You cannot wear most types of armour.
You are amphibious.
You can wear up to eight rings at the same time.
Your skin changes colour to match your surroundings (Stealth+).
Your rubbery body absorbs attacks. (AC +1, EV +1)
((You are camouflaged near water. (Stealth+)))
You have tentacles for arms and can constrict up to eight enemies at once.
You occasionally shout uncontrollably at your foes.


Message History

Sigmund points at you and mumbles some strange words.
The puff of flame hits you!
Ouch! That really hurt!
It was a potion of flight.
You feel very buoyant.
You fly up into the air.
Your transformation is almost over.
It was a potion of mutation.
You feel extremely strange.
You feel the urge to shout.
Sigmund zaps a wand.
You resist with significant effort.
Sorry, you're not good enough to have a special ability.
You're too terrified to move while being watched!
Sigmund gestures at you while chanting.
You are confused.
Sigmund hits you from afar with a +4 vorpal scythe.
* * * LOW HITPOINT WARNING * * *
x2 Sigmund barely misses you.
Okay, then.
You are too confused!
Are you sure you want to abandon this character and quit the game? (Confirm with "yes".)
Okay, then.
Non-targeted confused throw: 3 darts (datura)
Press: ? - help, Q - select action, (/) - cycle Dir - look around, f - activate Look: Sigmund, wielding a +4 vorpal scythe, wearing a +0 robe and carrying a wand of polymorph (3) (chance to confuse on hit: 70%)
You can't do that in your present form.
Sigmund points at you and mumbles some strange words.
You resist with significant effort. Sigmund barely misses you.
Sigmund zaps a wand.
You feel less confused.
Sigmund zaps a wand.
You resist with significant effort.
You're too terrified to move while being watched!
You stop sporulating.
Your +1 dagger of protection unmelds from your body.
Your +1 dagger of protection hums with potential!
Sigmund casts a spell at you. You resist with significant effort.
Sigmund casts a spell at you. The puff of flame hits you!
You die...

..#... ## ##K......####
....... .## #............ .
......##..###.#.#.##...## .
.....................#... #.
............#.#......##
###.###....... .....)##.....
........##..# ####..........
##.........)####....#........
.........@..@......<.........
#......####.....###.........
##...### ####### ###.......
##. ##...... # #......
##..... #..... #..... ######


You could see Sigmund.

Vanquished Creatures
  An adder (D:2)
  A worm (D:2)
  A dart slug (D:1)
  4 endoplasms
  4 goblins
  4 hobgoblins
  8 kobolds
  A quokka (D:2)
  7 ball pythons
  4 bats
  2 rats
37 creatures vanquished.

Notes
Turn   | Place    | Note
-------+----------+-------------------------------------------
     0 | D:1      | avis the Octopode Transmuter began the quest for the Orb.
     0 | D:1      | Reached XP level 1. HP: 13/13 MP: 3/3
   258 | D:1      | Reached XP level 2. HP: 15/18 MP: 5/5
   697 | D:1      | Reached skill level 4 in Unarmed Combat
   895 | D:2      | Noticed Sigmund
   987 | D:2      | Reached XP level 3. HP: 14/23 MP: 4/6
  1112 | D:2      | Learned a level 3 spell: Spider Form
  1461 | D:2      | Reached skill level 1 in Poison Magic
  1640 | D:2      | Found a faded altar of an unknown god.
  1644 | D:2      | Reached skill level 1 in Stealth
  1753 | D:2      | Gained mutation: You occasionally shout uncontrollably at
                  | your foes. [potion of mutation]
  1763 | D:2      | Killed from afar by Sigmund

Illustrated notes

Levels and vault maps discovered:
D:1:      erik_arrival_triangle_large, layout_basic
D:2:      layout_rooms, chequers_ecumenical_altar_island, serial_glass,
          glass_columns_a, glass_columns_b, item_on_display_a, feat_on_display,
          minmay_strange_pillars, item_on_display_a, dk_noncrumbling_3,
          kennysheep_flooded_box, uniq_sigmund

Skill      XL: |  1  2  3 |
---------------+----------+-----
Unarmed Combat | 4 |  4.0
Fighting       | 2 |  2.0
Poison Magic   | 1 |  1.2
Stealth        | 1 |  1.0
Dodging        | |  2.0
Spellcasting   | |  2.0
Transmutations | |  2.0

Action                   || total
-------------------------++-------
Melee: Unarmed           ||    32
       Constrict         ||    16
       Kick              ||    17
       Tentacles         ||    11
       Dagger            ||    40
 Cast: Beastly Appendage ||    28
  Use: Potion            ||     2
 Stab: Sleeping          ||     6
Armor: Skin              ||     9
Dodge: Dodged            ||    31

Table legend: (Time is in decaauts)
 A = Elapsed time spent in this place.
 B = Non-inter-level travel time spent in this place.
 C = Inter-level travel time spent in this place.
 D = Time resting spent in this place.
 E = Time spent auto-exploring this place.
 F = Levels seen in this place.
 G = Mean time per level.
                   A        B        C        D        E       F      G
               +--------+--------+--------+--------+--------+-----+--------+
         Total |   1762 |   1684 |     78 |    527 |    555 |   2 |  881.0 |
       Dungeon |   1762 |   1684 |     78 |    527 |    555 |   2 |  881.0 |
               +--------+--------+--------+--------+--------+-----+--------+

Top non-repeatable levels by time:
     D:1: 967 daAuts
     D:2: 794 daAuts
